 Dungeon Crawl Stone Soup version 0.31-a0-1405-g2bb1a01664 (webtiles) character file.

Game seed: 18366403530270406428

208 jasper the Magician (level 5, 0/29 HPs)
             Began as a Deep Elf Hedge Wizard on Dec 25, 2023.
             Slain by an orc priest
             ... wielding a +0 whip
              (2 damage)
             ... on level 4 of the Dungeon.
             The game lasted 00:05:19 (2803 turns).

jasper the Magician (Deep Elf Hedge Wizard)         Turns: 2803, Time: 00:05:19

Health: 0/29       AC:  3    Str:  7    XL:     5   Next: 55%
Magic:  15/15      EV: 12    Int: 21    God:
Gold:   146        SH:  5    Dex: 20    Spells: 5/16 levels left

rFire   . . .        e - +0 spear
rCold   . . .        j - +0 buckler
rNeg    . . .        b - +0 robe
rPois   .            t - +0 helmet
rElec   .            (no cloak)
rCorr   .            (no gloves)
SInv    .            (no boots)
Will    .....        (no amulet)
Stlth   ++           g - +6 ring of dexterity
HPRegen 0.24/turn    (no ring)
MPRegen 0.14/turn

%: no passive effects
@: no status effects
A: no striking features
a: no special abilities


You were on level 4 of the Dungeon.
You visited 1 branch of the dungeon, and saw 4 of its levels.

You collected 146 gold pieces.

Inventory:

Hand Weapons
 a - a +0 dagger
 e - a +0 spear (weapon)
Missiles
 q - 7 javelins
Armour
 b - a +0 robe (worn)
 c - a +0 hat
 j - a +0 buckler (worn)
 t - a +0 helmet (worn)
Jewellery
 g - a +6 ring of dexterity (left hand)
Scrolls
 d - a scroll of silence {unknown}
 f - 3 scrolls of identify {unknown}
 k - a scroll of poison {unknown}
 l - a scroll of enchant weapon {unknown}
 m - a scroll of teleportation {unknown}
 n - 2 scrolls of revelation {unknown}
 p - a scroll of blinking {unknown}
 v - a scroll of summoning {unknown}
Potions
 h - 2 potions of heal wounds {unknown}
 i - a potion of curing
 o - a potion of brilliance {unknown}
 r - a potion of degeneration {unknown}
 s - a potion of attraction {unknown}
 u - a potion of cancellation {unknown}


   Skills:
 - Level 1.0 Fighting
 - Level 2.4 Dodging
 - Level 2.4 Stealth
 - Level 6.0 Spellcasting
 - Level 2.0 Conjurations
 - Level 2.0 Summonings
 - Level 2.0 Necromancy
 - Level 2.0 Translocations
 + Level 1.5 Air Magic
 + Level 1.8 Alchemy


You had 5 spell levels left.
You knew the following spells:

 Your Spells              Type           Power      Damage    Failure   Level
a - Magic Dart            Conj           56%        1d5       7%          1
b - Blink                 Tloc           28%        N/A       11%         2
c - Call Imp              Summ           28%        N/A       11%         2
d - Slow                  Hex            24%        N/A       16%         1
e - Cigotuvi's Dreadful   Necr/Alch/Air  26%        N/A       12%         2
f - Mephitic Cloud        Conj/Alch/Air  13%        N/A       24%         3

Your spell library contained the following spells:

 Spells                   Type           Power      Damage    Failure   Level
 Dazzling Flash           Conj/Hex       20%        N/A       32%         3
 Volatile Blastmotes      Fire/Tloc      20%        2d11      32%         3
 Starburst                Conj/Fire      5%         6d4       100%        6
 Maxwell's Capacitive Co  Air            6%         ∞         100%        8


Dungeon Overview and Level Annotations

Branches:
Dungeon (4/15)
 Temple: D:4-7

Altars:

Shops:
D:1 [

Annotations:
D:3 Grinder


Message History

You hit the orc but do no damage.
The orc is almost dead.
The orc barely misses you.
You hit the orc.
You kill the orc!
An orc priest comes into view. It is wielding a +0 whip.
You hit the orc but do no damage. The orc closely misses you.
The orc hits you with a +0 hand axe!
You take 7 damage, and have 22/29 hp.
MASSIVE DAMAGE!!
You hit the orc.
The orc is heavily wounded.
The orc misses you.
You closely miss the orc.
The orc is heavily wounded.
You block the orc's attack.
You hit the orc.
The orc is severely wounded.
The orc priest looks satisfied for a moment.
The orc closely misses you.
You barely miss the orc.
The orc is severely wounded.
The orc hits you with a +0 hand axe.
The orc priest calls upon Beogh to heal the orc.
The orc's wounds heal themselves!
You hit the orc.
The orc is heavily wounded.
The orc hits you with a +0 hand axe.
You closely miss the orc.
The orc is heavily wounded.
The orc hits you with a +0 hand axe! The orc hits you with a +0 hand axe.
* * * LOW HITPOINT WARNING * * *
You barely miss the orc.
The orc is heavily wounded.
The orc hits you with a +0 hand axe.
* * * LOW HITPOINT WARNING * * *
You hit the orc.
You kill the orc!
You hit the orc priest but do no damage.
The orc priest hits you with a +0 whip.
You die...

##############
########......#..o..#
.........###†##o##
.......### ##.##@#
.......# #..#..#
.......# ##.##.##
.......######..#..#
............#.##.##
##...#########.##.#
###..#### #.....#
#####....# #######
..######.##


You could see an orc priest.

Vanquished Creatures
  A hound (D:4)
  Natasha (twice) (D:2 D:1)
  3 adders (D:2)
  A worm (D:2)
  2 dart slugs
  5 orcs
  8 ball pythons
  4 bats
  3 endoplasms
  6 giant cockroaches
  12 goblins
  A hobgoblin (D:1)
  4 jackals
  6 kobolds
  2 quokkas (D:2)
  3 frilled lizards
  8 rats
71 creatures vanquished.

Vanquished Creatures (collateral kills)
  Robin (D:3)
  A dart slug (D:3)
  3 goblins (D:3)
  3 hobgoblins (D:3)
8 creatures vanquished.

Grand Total: 79 creatures vanquished

Notes
Turn   | Place    | Note
-------+----------+-------------------------------------------
     0 | D:1      | jasper the Deep Elf Hedge Wizard began the quest for the
                  | Orb.
     0 | D:1      | Reached XP level 1. HP: 10/10 MP: 7/7
   160 | D:1      | Reached XP level 2. HP: 16/16 MP: 2/9
   163 | D:1      | Learned a level 2 spell: Blink
   166 | D:1      | Learned a level 2 spell: Call Imp
   168 | D:1      | Learned a level 1 spell: Slow
   171 | D:1      | Learned a level 2 spell: Cigotuvi's Dreadful Rot
   301 | D:1      | Reached skill level 5 in Spellcasting
   766 | D:1      | Found Xetamirr's Antique Armour Emporium.
  1109 | D:2      | Noticed Natasha
  1112 | D:2      | Reached XP level 3. HP: 20/20 MP: 8/11
  1117 | D:2      | Killed Natasha
  1118 | D:2      | Reached skill level 1 in Fighting
  1211 | D:2      | Noticed Natasha
  1232 | D:1      | Killed Natasha
  1233 | D:1      | Reached skill level 1 in Necromancy
  1233 | D:1      | Reached XP level 4. HP: 19/25 MP: 6/13
  1289 | D:2      | Learned a level 3 spell: Mephitic Cloud
  1794 | D:2      | Reached skill level 1 in Alchemy
  2021 | D:2      | Reached skill level 1 in Air Magic
  2082 | D:3      | Reached XP level 5. HP: 29/29 MP: 6/15
  2312 | D:3      | Noticed Robin
  2333 | D:3      | Killed Robin
  2379 | D:3      | Reached skill level 6 in Spellcasting
  2549 | D:3      | Noticed Grinder
  2801 | D:4      | HP: 1/29 [orc/+0 hand axe (6)]
  2803 | D:4      | Slain by an orc priest

Illustrated notes

Levels and vault maps discovered:
D:1:      lemuel_arrival_funnel, layout_loops_ring, serial_shops,
          nicolae_shop_tiny_statue_garden
D:2:      layout_rooms, uniq_natasha
D:3:      layout_rooms, fedhas_ov_isle_minmay, serial_glass, glass_columns_a,
          glass_columns_a, chequers_big_river, minmay_misc_feat_tower,
          uniq_grinder, uniq_robin
D:4:      minmay_angry_zag, layout_rooms, nrook_uturn, uniq_sigmund,
          uniq_blork_the_orc

Skill      XL: |  1  2  3  4  5 |
---------------+----------------+-----
Spellcasting   | 5 6 |  6.0
Fighting       | 1 |  1.0
Necromancy     | 1 2 |  2.0
Alchemy        | 1 |  1.8
Translocations | 2 |  2.0
Air Magic      | 1 |  1.5
Summonings     | 2 |  2.0
Conjurations   | 2 |  2.0
Dodging        | |  2.4
Stealth        | |  2.4

Action                     |  1- 3 |  4- 6 || total
---------------------------+-------+-------++-------
  Melee: Spear             |     6 |    45 ||    51
   Cast: Magic Dart        |    74 |   109 ||   183
         Call Imp          |     1 |     4 ||     5
    Use: Potion            |     1 |     1 ||     2
 Armour: Robe              |    20 |    51 ||    71
  Dodge: Dodged            |    15 |    42 ||    57
  Block: Buckler           |     3 |    23 ||    26

Table legend: (Time is in decaauts)
 A = Elapsed time spent in this place.
 B = Non-inter-level travel time spent in this place.
 C = Inter-level travel time spent in this place.
 D = Time resting spent in this place.
 E = Time spent auto-exploring this place.
 F = Levels seen in this place.
 G = Mean time per level.
                   A        B        C        D        E       F      G
               +--------+--------+--------+--------+--------+-----+--------+
         Total |   2813 |   2774 |     39 |    197 |   2039 |   4 |  703.2 |
       Dungeon |   2813 |   2774 |     39 |    197 |   2039 |   4 |  703.2 |
               +--------+--------+--------+--------+--------+-----+--------+

Top non-repeatable levels by time:
     D:1: 1196 daAuts
     D:2: 1016 daAuts
     D:3: 363 daAuts
     D:4: 237 daAuts
